 Dungeon Crawl Stone Soup version 0.29-a0-1065-g47a6bb87d6 (webtiles) character file.

Game seed: 4104244924734120446

25 nickcage the Cudgeller (level 2, -1/25 HPs)
             Began as a Minotaur Gladiator on Aug 18, 2022.
             Slain by a worm (9 damage)
             ... on level 2 of the Dungeon.
             The game lasted 00:01:43 (998 turns).

nickcage the Cudgeller (Minotaur Gladiator)          Turns: 998, Time: 00:01:44

Health: -1/25      AC:  8    Str: 18    XL:     2   Next: 86%
Magic:  10/10      EV:  7    Int:  5    God:
Gold:   65         SH:  5    Dex: 11    Spells: 1/1 levels left

rFire   . . .      SeeInvis .   a - +0 flail
rCold   . . .      Faith    .   (no shield)
rNeg    . . .      Spirit   .   g - +0 chain mail
rPois   .          Reflect  +   c - +0 hat
rElec   .          Harm     .   (no cloak)
rCorr   .          Rampage  .   (no gloves)
Will    .....                   (no boots)
Stlth   ..........              i - amulet of reflection
HPRegen 0.08/turn               l - ring of magical power
MPRegen 0.12/turn               (no ring)

@: no status effects
A: horns 2, retaliatory headbutt
a: no special abilities


You were on level 2 of the Dungeon.
You visited 1 branch of the dungeon, and saw 2 of its levels.

You collected 65 gold pieces.

Inventory:

Hand Weapons
 a - a +0 flail (weapon)
Missiles
 d - 3 throwing nets
 e - a javelin
 h - 6 curare-tipped darts (quivered)
Armour
 b - a +0 leather armour
 c - a +0 hat (worn)
 g - a +0 chain mail (worn)
Jewellery
 i - an amulet of reflection (around neck)
 l - a ring of magical power (left hand)
Scrolls
 f - a scroll of acquirement {unknown}
 j - 3 scrolls of identify {unknown}
Potions
 k - a potion of might {unknown}


   Skills:
 - Level 2.4 Fighting
 + Level 5.0 Maces & Flails
 - Level 2.0 Throwing
 - Level 3.2 Dodging


You had one spell level left.
You didn't know any spells.
Your spell library was empty.

Dungeon Overview and Level Annotations

Branches:
Dungeon (2/15)

Altars:


Innate Abilities, Weirdness & Mutations

You have a pair of horns on your head.
You reflexively headbutt those who attack you in melee.


Message History

The quokka barely misses you.
You hit the quokka but do no damage.
The quokka bites you but does no damage.
You closely miss the quokka. The quokka barely misses you.
You furiously retaliate!
You headbutt the quokka!
You kill the quokka!
No target in view!
l - a ring of magical power You feel your magic capacity increase.
l - a ring of magical power (left hand) Magic restored.
A worm comes into view.
A worm comes into view.
You hit the worm.
The worm is moderately wounded.
The worm bites you!
You sock the worm!
The worm is severely wounded.
You barely miss the worm.
The worm is severely wounded.
The worm barely misses you.
You hit the worm.
The worm is almost dead.
The worm bites you!
You are too injured to fight recklessly!
You are too injured to fight recklessly!
You are too injured to fight recklessly!
You hit the worm.
The worm is almost dead.
You thump the worm!
You kill the worm!
Your Maces & Flails skill increases to level 5!
The worm barely misses you. You furiously retaliate!
You headbutt the worm!
You see here a worm corpse.
You hit the worm but do no damage.
The worm is severely wounded.
You barely miss the worm.
The worm is severely wounded.
The worm bites you!
You die...

#. #.#.. .####.###.#.
...........
#......#.###########.#
+......#......@w.....#
#...........##########
#...........######
#................#
####<............#
###......######
..........#
..........##
...........#


You could see a worm.

Vanquished Creatures
  A worm (D:2)
  A dart slug (D:1)
  2 endoplasms (D:1)
  2 giant cockroaches (D:1)
  2 goblins (D:1)
  2 hobgoblins (D:1)
  A quokka (D:2)
  2 ball pythons (D:1)
  2 bats (D:1)
  5 rats (D:1)
20 creatures vanquished.

Notes
Turn   | Place    | Note
-------+----------+-------------------------------------------
     0 | D:1      | nickcage the Minotaur Gladiator began the quest for the
                  | Orb.
     0 | D:1      | Reached XP level 1. HP: 18/18 MP: 0/0
   202 | D:1      | Reached skill level 4 in Maces & Flails
   307 | D:1      | Reached XP level 2. HP: 24/25 MP: 1/1
   680 | D:1      | Found a faded altar of an unknown god.
   996 | D:2      | Reached skill level 5 in Maces & Flails
   998 | D:2      | Slain by a worm

Illustrated notes

Levels and vault maps discovered:
D:1:      eino_arrival_water_cross, layout_basic, serial_curves, eino_curves_01,
          eino_curves_03, hellmonk_ecumenical_altar_inner_sanctum
D:2:      minmay_recursive_quarters, layout_basic, uniq_terence

Skill      XL: |  1  2 |
---------------+-------+-----
Maces & Flails | 4 5 |  5.0
Fighting       | |  2.4
Throwing       | |  2.0
Dodging        | |  3.2

Action                   || total
-------------------------++-------
Melee: Flail             ||    37
       Headbutt          ||     1
Throw: Dart              ||     2
Armor: Chain mail        ||    15
Dodge: Dodged            ||    10
Block: Other             ||     3

Table legend: (Time is in decaauts)
 A = Elapsed time spent in this place.
 B = Non-inter-level travel time spent in this place.
 C = Inter-level travel time spent in this place.
 D = Time resting spent in this place.
 E = Time spent auto-exploring this place.
 F = Levels seen in this place.
 G = Mean time per level.
                   A        B        C        D        E       F      G
               +--------+--------+--------+--------+--------+-----+--------+
         Total |   1002 |    987 |     15 |      0 |    854 |   2 |  501.0 |
       Dungeon |   1002 |    987 |     15 |      0 |    854 |   2 |  501.0 |
               +--------+--------+--------+--------+--------+-----+--------+

Top non-repeatable levels by time:
     D:1: 902 daAuts
     D:2: 100 daAuts
